 Dungeon Crawl Stone Soup version 0.30-a0-339-g89bb51ec76 (webtiles) character file.

Game seed: 2474082517651052480

18 sanka the Caller (level 2, 0/20 HPs)
             Began as a Demigod Summoner on Oct 31, 2022.
             Succumbed to an adder's poison
             ... on level 2 of the Dungeon.
             The game lasted 00:01:27 (1301 turns).

sanka the Caller (Demigod Summoner)                 Turns: 1301, Time: 00:01:28

Health: 0/20       AC:  3    Str:  9    XL:     2   Next: 36%
Magic:  5/7        EV: 12    Int: 17    God:
Gold:   51         SH:  0    Dex: 14    Spells: 2/5 levels left

rFire   . . .      SeeInvis .    l - +0 trident
rCold   . . .      Faith    .    (no shield)
rNeg    . . .      Spirit   .    a - +0 robe
rPois   .          Reflect  .    (no helmet)
rElec   .          Harm     .    c - +0 cloak
rCorr   .          Rampage  .    (no gloves)
Will    .....                    (no boots)
Stlth   ++........               (no amulet)
HPRegen 0.23/turn                (no ring)
MPRegen 0.10/turn                (no ring)

@: lethally poisoned (0 -> -5)
A: high MP 1, forlorn, divine attributes
a: no special abilities


You were on level 2 of the Dungeon.
You visited 1 branch of the dungeon, and saw 2 of its levels.

You collected 51 gold pieces.


Innate Abilities, Weirdness & Mutations

You have an increased reservoir of magic. (+10% MP)
You shall have no god before yourself.
Your divine heritage dramatically boosts your attributes as you level up.


   Skills:
 - Level 1.7 Dodging
 - Level 1.7 Stealth
 - Level 2.0 Spellcasting
 + Level 4.2 Summonings


You had 2 spell levels left.
You knew the following spells:

 Your Spells              Type           Power      Damage    Failure   Level
x - Call Imp              Summ           16%        N/A       5%          2
z - Summon Small Mammal   Summ           64%        N/A       3%          1

Your spell library contained the following spells:

 Spells                   Type           Power      Damage    Failure   Level
 Call Canine Familiar     Summ           16%        N/A       11%         3
 Summon Guardian Golem    Hex/Summ       8%         N/A       24%         3
 Summon Lightning Spire   Summ/Air       8%         N/A       63%         4

Inventory:

Hand Weapons
 f - a +0 short sword
 l - a +0 trident (weapon)
Armour
 a - a +0 robe (worn)
 c - a +0 cloak (worn)
 j - a +0 helmet
Scrolls
 e - 2 scrolls of teleportation {unknown}
 g - a scroll of silence {unknown}
 h - a scroll of torment {unknown}
 i - 2 scrolls of immolation {unknown}
Potions
 b - a potion of magic

Dungeon Overview and Level Annotations

Branches:
Dungeon (2/15)

....▒▒▒▒..<.▒▒▒▒
......>...........
..▒▒▒▒▒▒....▒▒▒▒▒▒
▒▒▒▒▒.>...▒
▒.........▒
▒....▒▒..▒▒
▒..▒▒...▒.▒ ▒.
▒▒▒...▒▒▒▒ ▒
▒▒.p5..▒
▒▒S▒▒..... ▒..▒
▒▒▒. ▒▒.▒ .. ..<
.▒.▒ .▒.. .▒▒..


You could see an adder (ally target) and a friendly crimson imp (summoned).


Message History

You closely miss the adder.
The adder is heavily wounded.
You feel sick. The adder barely misses you.
Your crimson imp misses the adder.
Unknown command.
You closely miss the adder.
The adder is heavily wounded.
You feel sick.
You are no longer poisoned.
The adder bites you.
* * * LOW HITPOINT WARNING * * *
You are lethally poisoned!
The adder poisons you!
Your crimson imp closely misses the adder.
The adder barely misses you.
Unknown command.
It was a potion of flight.
You feel very buoyant.
You fly up into the air.
* * * LOW HITPOINT WARNING * * *
You feel sick. The adder closely misses you.
Your crimson imp misses the adder.
Unknown command.
It was a potion of cancellation.
Your magical effects are unravelling.
You feel magically purged.
You float gracefully downwards.
You die...

Action                   || total
-------------------------++-------
Melee: Unarmed           ||    12
       Short sword       ||    36
       Trident           ||    12
 Cast: Summon Small Mamm ||    16
       Call Imp          ||     1
  Use: Potion            ||     2
Armor: Robe              ||    18
Dodge: Dodged            ||    55

Levels and vault maps discovered:
D:1:      dpeg_arrival_round_a, layout_loops_corners
D:2:      layout_rooms, ebering_ecumenical_altar_sacrificial, basic_altar

Notes
Turn   | Place    | Note
-------+----------+-------------------------------------------
     0 | D:1      | sanka the Demigod Summoner began the quest for the Orb.
     0 | D:1      | Reached XP level 1. HP: 14/14 MP: 5/5
   305 | D:1      | Reached skill level 2 in Spellcasting
   572 | D:1      | Reached skill level 4 in Summonings
   572 | D:1      | Reached XP level 2. HP: 20/20 MP: 4/7
   575 | D:1      | Learned a level 2 spell: Call Imp
  1300 | D:2      | HP: 1/20 [poisoned by an adder]
  1301 | D:2      | Succumbed to an adder's poison

Vanquished Creatures
  2 ball pythons (D:1)
  A bat (D:1)
  A kobold (D:1)
  A quokka (D:1)
  A frilled lizard (D:1)
  4 rats (D:1)
10 creatures vanquished.

Vanquished Creatures (collateral kills)
  2 bats (D:1)
  An endoplasm (D:1)
  A giant cockroach (D:1)
  A goblin (D:1)
  A hobgoblin (D:1)
  A kobold (D:1)
7 creatures vanquished.

Grand Total: 17 creatures vanquished
